 Dungeon Crawl Stone Soup version bcrawl-1.38b (webtiles) character file.

Game seed: 5923272257682006675

103443 Mehrunes the Firebug (level 3, 27/27 HPs)
             Began as a High Elf Fire Elementalist on Mar 13, 2023.
             Quit the game on level 2 of the Dungeon.
             The game lasted 00:08:07 (1595 turns).

Mehrunes the Firebug (High Elf Fire Elementalist)   Turns: 1595, Time: 00:08:08

Health: 27/27      AC:  2    Str:  7    XL:     3   Next: 41%
Magic:  7/7        EV: 12    Int: 18    God:
Gold:   144        SH:  0    Dex: 14    Spells: 3/7 levels left

rFire    . . .     GDR:     26% h - +0 dagger (protect)
rCold    . . .     SeeInvis .   (no shield)
rNeg     . . .     Gourm    .   a - +0 robe
rPois    .         Faith    .   (no helmet)
rElec    .         Spirit   .   (no cloak)
rCorr    .         Reflect  .   (no gloves)
MR       .....                  (no boots)
Stlth    ++........             (no amulet)
HPRegen  0.14/turn              (no ring)
MPRegen  0.10/turn              (no ring)

@: no status effects
A: obsessive focus, MP-powered wands
a: no special abilities


You were on level 2 of the Dungeon.
You were not hungry.

You visited 1 branch of the dungeon, and saw 2 of its levels.

You collected 144 gold pieces.

Inventory:

Hand Weapons
 h - a +0 dagger of protection (weapon)
Missiles
 d - 477 stones (quivered)
Armour
 a - a +0 robe (worn)
 i - a +2 pair of boots of running
Jewellery
 f - a cursed ring of attention {unknown}
 j - an uncursed ring of protection from magic {unknown}
 p - the cursed amulet of the Kangaroo {Inacc Str+3, unknown}
   (You found it on level 2 of the Dungeon)

   [amulet of inaccuracy]

   It reduces the accuracy of all your attacks.
   It affects your strength (+3).
   It has a curse placed upon it.
Wands
 c - a wand of flame (4)
 q - a wand of polymorph (5)
Scrolls
 g - a scroll of teleportation {unknown}
 k - a scroll of amnesia {unknown}
 m - 2 scrolls of fog {unknown}
 n - a scroll of noise {unknown}
Potions
 l - a potion of flight {unknown}
 o - a potion of lignification {unknown}
Comestibles
 e - a ration {!d}


   Skills:
 * Level 1.7 Fighting
 + Level 2.3 Dodging
 - Level 2.4 Stealth
 + Level 2.6 Spellcasting
 * Level 1.5 Conjurations
 - Level 3.4 Fire Magic
 * Level 1.9 Invocations


You had 3 spell levels left.
You knew the following spells:

 Your Spells              Type           Power        Failure   Level  Hunger
a - Flame Tongue          Conj/Fire      ##...        6%          1    None
b - Conjure Flame         Conj/Fire      ##......     19%         3    ####...

Your spell library contained the following spells:

 Spells                   Type           Power        Failure   Level  Hunger
 Flaming Arrows           Chrm/Fire      #.......     13%         2    ##.....
 Apportation              Tloc           #.....       17%         1    None
 Blink Other              Tloc           #.....       17%         1    None
 Blink                    Tloc           N/A          26%         2    ##.....
 Inner Flame              Hex/Fire       N/A          26%         3    ####...
 Portal Projectile        Tloc           #.....       45%         3    ####...
 Teleport Other           Tloc           #.......     45%         3    ####...
 Sticky Flame             Conj/Fire      ##......     52%         4    #####..
 Fireball                 Conj/Fire      ##........   86%         5    #######
 Passage of Golubria      Tloc           N/A          99%         5    #######


Dungeon Overview and Level Annotations

Branches:
Dungeon (2/12)

Altars:
Gozag
Nemelex Xobeh

Annotations:
D:2 1 exclusion, Sigmund, Terence


Innate Abilities, Weirdness & Mutations

You can't train low skills.
You expend magic power (3 MP) to strengthen your wands.


Message History

b - 2 chunks of flesh
Things that are here:
a +0 club; a goblin skeleton Eating one of 2 chunks of flesh.
You eat one of the 2 chunks of flesh.
This raw flesh tastes terrible.
Eating a chunk of flesh.
You eat the chunk of flesh.
This raw flesh tastes terrible.
You see here 177 bolts.
You see here 135 bolts.
You see here 150 bolts.
You see here a leather armour.
You see here 177 bolts.
You open the door.
Found an opulent altar of Gozag and a sparkling altar of Nemelex Xobeh.
There is an open door here.
You pick up a book of Spatial Translocations and begin reading...
You add the spells Blink Other, Apportation, Blink, Portal Projectile, Teleport Other and Passage of Golubria to your library.
No path to travel!
No path to travel!
Are you sure you want to abandon this character and quit the game? (Confirm with "yes".)

......####........#
..........).......#
.###########......#####
.# #..........## .#
#......###..# .#
#...#######.# .#
#####...###.# .#
##..8..##.# .#
#######..@....#.# .#
......#..._...#.#
#######....[.#.⌠...⌠.'.#
.............#..._...###
#######......#.......#
......##..8..##
.......##...## .......
##### .......


There were no monsters in sight!

Vanquished Creatures
  A dart slug (D:1)
  A leopard gecko (D:1)
  3 giant cockroaches
  3 goblins
  5 hobgoblins (D:1)
  A jackal (D:1)
  7 kobolds
  A quokka (D:1)
  6 bats
  3 frilled lizards (D:1)
  6 rats (D:1)
37 creatures vanquished.

Notes
Turn   | Place    | Note
-------+----------+-------------------------------------------
     0 | D:1      | Mehrunes the High Elf Fire Elementalist began the quest for
                  | the Orb.
     0 | D:1      | Reached XP level 1. HP: 13/13 MP: 4/4
   196 | D:1      | Reached XP level 2. HP: 20/20 MP: 4/6
   313 | D:1      | Reached skill level 1 in Fighting
   349 | D:1      | Reached skill level 1 in Invocations
   773 | D:1      | Reached XP level 3. HP: 26/26 MP: 5/7
  1160 | D:2      | Got a flickering steel amulet
  1223 | D:2      | Noticed Terence
  1231 | D:2      | Learned a level 3 spell: Conjure Flame
  1492 | D:2      | Noticed Sigmund
  1582 | D:2      | Found an opulent altar of Gozag.
  1582 | D:2      | Found a sparkling altar of Nemelex Xobeh.
  1595 | D:2      | Quit the game

Skill      XL: |  1  2 |
---------------+-------+-----
Fighting       | 1 |  1.7
Invocations    | 1 |  1.9
Dodging        | |  2.3
Stealth        | |  2.4
Spellcasting   | |  2.6
Conjurations   | |  1.5
Fire Magic     | |  3.4

Action                   || total
-------------------------++-------
Melee: Unarmed           ||     4
       Dagger            ||     3
 Cast: Flame Tongue      ||    60
       Conjure Flame     ||     1
  Eat: Chunk             ||     4
Armor: Robe              ||     3
Dodge: Dodged            ||    21
